[Event "Titled Tuesday Blitz August 1 Early 2023"]
[White "Chor, Kevin"]
[Black "UgarteCesar"]
[WhiteFideId "2090740"]
[WhiteElo "2545"]
[BlackElo "2206"]
[Result "1/2-1/2"]
[Round "1"]
[TimeControl "180+1"]
[Date "2023.08.01"]
[WhiteClock "0:00:24"]
[BlackClock "0:00:27"]
[Board "222"]

1. e4 c5 2. Nf3 Nc6 3. d4 cxd4 4. Nxd4 Qb6 5. Nb3 Nf6 6. Bd3 e6 7. O-O a6 8. Nc3 Qc7 9. f4 d6 10. Qe2 Be7 11. Bd2 b5 12. Rae1 O-O 13. g4 Bb7 14. g5 Nd7 15. Qg4 Rfe8 16. h4 b4 17. Ne2 Bf8 18. h5 a5 19. Nbd4 Nxd4 20. Nxd4 Nc5 21. f5 Nxd3 22. cxd3 exf5 23. Nxf5 Re6 24. g6 hxg6 25. Nd4 Rae8 26. Nxe6 Rxe6 27. Be3 gxh5 28. Qxh5 Rg6+ 29. Kf2 Qc2+ 30. Re2 Qxd3 31. Rh1 Rf6+ 32. Kg3 Rg6+ 33. Kf2 Rf6+ 34. Kg1 Qd1+ 35. Kh2 Qd3 36. Kg1 Qd1+ 37. Kh2 Qd3 38. Kg1 1/2-1/2


[Site "https://www.chess.com"]

[Event "Titled Tuesday Blitz August 1 Early 2023"]
[White "Kuchava, Ana"]
[Black "Ganiev, Roman"]
[WhiteFideId "13605348"]
[BlackFideId "4131452"]
[WhiteElo "2205"]
[BlackElo "2545"]
[Result "0-1"]
[Round "1"]
[TimeControl "180+1"]
[Date "2023.08.01"]
[WhiteClock "0:00:00"]
[BlackClock "0:00:13"]
[Board "223"]

1. d4 Nf6 2. Nf3 e6 3. c4 b6 4. a3 Bb7 5. Nc3 d5 6. cxd5 Nxd5 7. e3 Be7 8. Bd3 c5 9. e4 Nxc3 10. bxc3 Nd7 11. O-O O-O 12. Qe2 Rc8 13. Bb2 Qc7 14. Rac1 Rfd8 15. Rfe1 cxd4 16. cxd4 Qb8 17. h3 Rxc1 18. Rxc1 Rc8 19. Rxc8+ Qxc8 20. Qc2 Qb8 21. Nd2 h6 22. Bb5 Nf6 23. Bc6 Qc8 24. Ba4 Qd8 25. Bc6 Qc7 26. Ba4 Qf4 27. f3 Nh5 28. Nf1 Qb8 29. Bc6 Nf4 30. Bxb7 Qxb7 31. Kf2 Ng6 32. Qc4 Qd7 33. Ke3 Bg5+ 34. Kf2 h5 35. Ne3 Bxe3+ 36. Kxe3 Qd8 37. Kf2 Qh4+ 38. Kf1 Qg5 39. Bc1 Qg3 40. Qe2 Qc7 41. Qd2 Qc4+ 42. Kf2 h4 43. Bb2 Qb3 44. Qc3 Qd1 45. Qc1 Qd3 46. Qc3 Qxc3 47. Bxc3 f6 48. Ke3 Kf7 49. Bb4 Ke8 50. Bd6 Kd7 51. Bb8 a6 52. a4 Kc6 53. Ba7 b5 54. axb5+ axb5 55. Bc5 e5 56. Ba3 exd4+ 57. Kxd4 Nf4 58. Bf8 Ne6+ 0-1


[Site "https://www.chess.com"]

[Event "Titled Tuesday Blitz August 1 Early 2023"]
[White "Womacka, Mathias"]
[Black "Hrescak, Ivana"]
[WhiteFideId "4611390"]
[BlackFideId "14613441"]
[WhiteElo "2544"]
[BlackElo "2205"]
[Result "1-0"]
[Round "1"]
[TimeControl "180+1"]
[Date "2023.08.01"]
[WhiteClock "0:00:45"]
[BlackClock "0:00:01"]
[Board "224"]

1. e4 e5 2. Nf3 Nc6 3. Bb5 a6 4. Bxc6 dxc6 5. O-O Bg4 6. h3 h5 7. d3 Qf6 8. Nbd2 Ne7 9. Re1 Ng6 10. d4 Nf4 11. hxg4 hxg4 12. g3 gxf3 13. Qxf3 Nh3+ 14. Kg2 Qg6 15. dxe5 Bc5 16. Rh1 O-O-O 17. Rxh3 Rxh3 18. Kxh3 Rh8+ 19. Kg2 Qh6 20. Kf1 Qh3+ 21. Ke2 Kb8 22. Nb3 Bb6 23. Be3 Qe6 24. Bxb6 cxb6 25. Rh1 Qc4+ 26. Kd2 Rd8+ 27. Kc1 a5 28. Rd1 Rxd1+ 29. Kxd1 a4 30. Nc1 Qd4+ 31. Nd3 a3 32. bxa3 Qa1+ 33. Kd2 Qxa2 34. Qg4 Qxa3 35. Qxg7 1-0


[Site "https://www.chess.com"]

[Event "Titled Tuesday Blitz August 1 Early 2023"]
[White "Samarth J Rao"]
[Black "Postlmayer, Jakob"]
[WhiteFideId "46652370"]
[BlackFideId "1643622"]
[WhiteElo "2203"]
[BlackElo "2544"]
[Result "0-1"]
[Round "1"]
[TimeControl "180+1"]
[Date "2023.08.01"]
[WhiteClock "0:00:01"]
[BlackClock "0:02:21"]
[Board "225"]

1. d4 Nf6 2. e3 g6 3. Bd3 Bg7 4. Nf3 O-O 5. O-O d6 6. h3 Nc6 7. c3 e5 8. Nbd2 Qe7 9. e4 Nh5 10. d5 Nb8 11. Nb3 a5 12. Be3 Nd7 13. c4 b6 14. Nbd2 f5 15. a3 f4 0-1


[Site "https://www.chess.com"]

[Event "Titled Tuesday Blitz August 1 Early 2023"]
[White "Demin, Vladimir"]
[Black "De Souza, Cristiano Gomes"]
[WhiteFideId "4167457"]
[BlackFideId "2151758"]
[WhiteElo "2543"]
[BlackElo "2198"]
[Result "1-0"]
[Round "1"]
[TimeControl "180+1"]
[Date "2023.08.01"]
[WhiteClock "0:01:15"]
[BlackClock "0:00:15"]
[Board "226"]

1. d4 Nf6 2. Nc3 g6 3. e4 d6 4. Nf3 Bg7 5. Be3 c6 6. Qd2 Ng4 7. Bg5 h6 8. Bh4 g5 9. Bg3 b5 10. h3 Nf6 11. e5 dxe5 12. Nxe5 Nfd7 13. Bd3 Nxe5 14. dxe5 Nd7 15. Qe3 e6 16. O-O-O Qb6 17. Qe2 a5 18. Ne4 Nc5 19. Nd6+ Ke7 20. Kb1 Ba6 21. f4 Nxd3 22. Qxd3 b4 23. Qf3 Rhf8 24. Rhe1 f6 25. Qh5 gxf4 26. Bh4 Ra7 27. Nf5+ exf5 28. exf6# 1-0


[Site "https://www.chess.com"]

[Event "Titled Tuesday Blitz August 1 Early 2023"]
[White "Luxama, Jacques Muller"]
[Black "Al-Tarboush, Ward"]
[WhiteFideId "11900113"]
[BlackFideId "7601450"]
[WhiteElo "2185"]
[BlackElo "2542"]
[Result "0-1"]
[Round "1"]
[TimeControl "180+1"]
[Date "2023.08.01"]
[WhiteClock "0:00:07"]
[BlackClock "0:00:10"]
[Board "227"]

1. e4 c5 2. Nf3 e6 3. d4 cxd4 4. Nxd4 a6 5. Nc3 Qc7 6. a3 Ne7 7. Bd3 Nbc6 8. Nb3 Ng6 9. O-O Bd6 10. h3 h5 11. Ne2 b5 12. f4 Bb7 13. Be3 O-O-O 14. Qe1 f5 15. Qf2 Rdf8 16. e5 Be7 17. Bb6 Qb8 18. Bc5 Bxc5 19. Qxc5 Ne7 20. c4 g5 21. cxb5 axb5 22. Bxb5 gxf4 23. Rac1 Rhg8 24. Nxf4 Kd8 25. Rfd1 Ke8 26. Qd6 Qa7+ 27. Kh2 Bc8 28. Nc5 Qb6 29. a4 Kf7 30. Nxd7 Bxd7 31. Qxd7 Nxe5 32. Qd6 Qxd6 33. Rxd6 Rc8 34. Re1 N7g6 35. Nxg6 Nxg6 36. Rexe6 Nf4 37. Rf6+ Ke7 38. Bf1 Rc1 39. Kg1 Nxh3+ 40. Kh2 Nf4 41. Kg1 Rxg2+ 42. Kh1 Rxf1# 0-1


[Site "https://www.chess.com"]

[Event "Titled Tuesday Blitz August 1 Early 2023"]
[White "Dinosaurio_1975"]
[Black "le-castor-faineant"]
[WhiteElo "2541"]
[BlackElo "2183"]
[Result "1-0"]
[Round "1"]
[TimeControl "180+1"]
[Date "2023.08.01"]
[WhiteClock "0:00:12"]
[BlackClock "0:00:01"]
[Board "228"]

1. e4 e5 2. Nf3 Nf6 3. Nxe5 d6 4. Nd3 Nxe4 5. Qe2 Qe7 6. Nf4 c6 7. d4 d5 8. h4 Nf6 9. f3 h5 10. Qxe7+ Bxe7 11. Bd3 g6 12. Kf2 O-O 13. c3 Re8 14. Nd2 Nbd7 15. Nf1 Nf8 16. g3 Ne6 17. Ne2 Bd7 18. Bd2 Kg7 19. Re1 c5 20. dxc5 Bxc5+ 21. Be3 Bc6 22. Bxc5 Nxc5 23. Bc2 Na4 24. Bxa4 Bxa4 25. Nd2 Bb5 26. Nd4 Bd3 27. Re3 Rxe3 28. Kxe3 Ba6 29. Re1 Re8+ 30. Kf2 Rxe1 31. Kxe1 Nd7 32. Kf2 Ne5 33. Ke3 Kf6 34. a4 Nc4+ 35. Nxc4 dxc4 36. Ke4 b6 37. Kf4 Bb7 38. Nb5 a6 39. Nd6 Bd5 40. Nc8 b5 41. a5 Ke6 42. g4 f6 43. gxh5 gxh5 44. Nb6 Bc6 45. Nc8 Bd5 46. Nb6 Bc6 47. Ke3 Ke5 48. Nc8 Bd5 49. Ne7 Bb7 50. Ng6+ Kf5 51. Nf4 Bc6 52. Nxh5 Be8 53. Ng3+ Kg6 54. f4 f5 55. Kd4 Bc6 56. Kc5 Bb7 57. Kb6 Bc8 58. Kc7 Be6 59. Kb7 Bd5+ 60. Kxa6 Bc6 61. Kb6 1-0


[Site "https://www.chess.com"]

[Event "Titled Tuesday Blitz August 1 Early 2023"]
[White "ChesscularGodofchess"]
[Black "Streltsov, Alexey"]
[BlackFideId "24104434"]
[WhiteElo "2176"]
[BlackElo "2541"]
[Result "0-1"]
[Round "1"]
[TimeControl "180+1"]
[Date "2023.08.01"]
[WhiteClock "0:00:10"]
[BlackClock "0:01:13"]
[Board "229"]

1. d4 d5 2. Nf3 e6 3. e3 c5 4. Nbd2 Nc6 5. b3 Nf6 6. Bb2 b6 7. Bb5 Bd7 8. O-O Bd6 9. dxc5 bxc5 10. Bxf6 gxf6 11. c4 d4 12. exd4 Nxd4 13. Nxd4 cxd4 14. Ne4 Bxb5 15. cxb5 Ke7 16. Rc1 f5 17. Ng5 f6 18. Nxe6 Kxe6 19. Re1+ Be5 20. Rc6+ Kd7 21. f4 Qe7 22. Qf3 Rhf8 23. fxe5 Qb4 24. Qd5+ Ke8 25. Qe6+ Qe7 26. Qxe7+ Kxe7 27. exf6+ Kf7 28. Re7+ Kg6 29. Rf7 Rxf7 30. h3 Rxf6 31. Rc7 Rd8 32. Kf1 d3 33. Ke1 Re6+ 34. Kd2 Re2+ 35. Kd1 Rxg2 36. Rxa7 d2 37. Rc7 Rg1+ 0-1


[Site "https://www.chess.com"]

[Event "Titled Tuesday Blitz August 1 Early 2023"]
[White "To, Nhat Minh"]
[Black "Da Matta, Eduardo Cesar"]
[WhiteFideId "729019"]
[BlackFideId "2193108"]
[WhiteElo "2540"]
[BlackElo "2175"]
[Result "1-0"]
[Round "1"]
[TimeControl "180+1"]
[Date "2023.08.01"]
[WhiteClock "0:01:23"]
[BlackClock "0:00:09"]
[Board "230"]

1. e4 c5 2. b3 Nf6 3. e5 Nd5 4. Bb2 e6 5. Nc3 d6 6. Nf3 Nc6 7. exd6 Bxd6 8. Bb5 O-O 9. Bxc6 bxc6 10. Ne4 Be7 11. O-O f5 12. Ng3 Bf6 13. Ne5 Qc7 14. Re1 Bd7 15. Nh5 Rae8 16. Qf3 g6 17. Nxf6+ Nxf6 18. Re2 Ne4 19. d3 Nf6 20. Rae1 Qc8 21. a4 a6 22. h3 Qc7 23. Ba3 Qd6 24. Qe3 a5 25. Bxc5 Qd5 1-0


[Site "https://www.chess.com"]

[Event "Titled Tuesday Blitz August 1 Early 2023"]
[White "sterpfi"]
[Black "Vlassov, Nikolai"]
[BlackFideId "4103360"]
[WhiteElo "2173"]
[BlackElo "2538"]
[Result "0-1"]
[Round "1"]
[TimeControl "180+1"]
[Date "2023.08.01"]
[WhiteClock "0:00:04"]
[BlackClock "0:00:31"]
[Board "231"]

1. e4 Nc6 2. Nf3 d5 3. exd5 Qxd5 4. Nc3 Qa5 5. d4 Bg4 6. h3 Bxf3 7. Qxf3 O-O-O 8. Be3 e5 9. dxe5 Ba3 10. Bb5 Bxb2 11. O-O Nxe5 12. Qf5+ Kb8 13. Qxe5 Bxc3 14. Qg5 Bf6 15. Qc5 Bxa1 16. Rxa1 Nf6 17. Rb1 Rd5 18. Qc4 Rhd8 19. Kh2 Rd1 20. Rxd1 Rxd1 21. Qxf7 Qxb5 22. Bf4 Qd7 23. Qf8+ Qd8 24. Qxg7 Nh5 25. Bxc7+ Qxc7+ 26. Qxc7+ Kxc7 27. g4 Nf4 0-1


[Site "https://www.chess.com"]

[Event "Titled Tuesday Blitz August 1 Early 2023"]
[White "Dobrikov, Marco"]
[Black "Ramu, K."]
[WhiteFideId "12950378"]
[BlackFideId "5006171"]
[WhiteElo "2535"]
[BlackElo "2169"]
[Result "0-1"]
[Round "1"]
[TimeControl "180+1"]
[Date "2023.08.01"]
[WhiteClock "0:02:00"]
[BlackClock "0:02:10"]
[Board "232"]

1. d4 Nf6 2. Bf4 g6 3. e3 Bg7 4. c3 O-O 5. Nd2 d6 6. Bg3 Nfd7 7. Ngf3 h6 8. Bd3 e5 9. h4 f5 10. h5 e4 11. Nxe4 fxe4 12. Bxe4 g5 13. Qb3+ Kh8 14. Bxb7 Bxb7 15. Qxb7 Nb6 16. O-O-O N8d7 17. e4 Rb8 18. Qxc7 Qxc7 0-1


[Site "https://www.chess.com"]

[Event "Titled Tuesday Blitz August 1 Early 2023"]
[White "LionKing2367890"]
[Black "Ibadov, Dashgyn"]
[BlackFideId "24107514"]
[WhiteElo "2166"]
[BlackElo "2534"]
[Result "0-1"]
[Round "1"]
[TimeControl "180+1"]
[Date "2023.08.01"]
[WhiteClock "0:00:15"]
[BlackClock "0:00:19"]
[Board "233"]

1. e4 e6 2. d4 d5 3. exd5 exd5 4. Bd3 c5 5. c3 Nf6 6. Ne2 Bd6 7. h3 O-O 8. O-O Nc6 9. Bg5 h6 10. Bh4 Re8 11. Nd2 cxd4 12. cxd4 Be6 13. f4 Be7 14. Nf3 Ne4 15. Bxe7 Qxe7 16. Nc3 Nxc3 17. bxc3 Qd6 18. Ne5 f6 19. Nxc6 Qxc6 20. Qb3 a6 21. Rac1 Bf7 22. Rfe1 b5 23. Kf2 Qd6 24. g3 Be6 25. f5 Bd7 26. Rxe8+ Rxe8 27. Re1 Rxe1 28. Kxe1 Qxg3+ 29. Kd2 Qf2+ 30. Kc1 Qf3 31. Kd2 Bxf5 32. Bxf5 Qxf5 33. a4 Qd7 34. axb5 axb5 35. Qa3 Kh7 36. Qc5 f5 37. Qf8 Qe6 38. h4 Qe4 39. h5 f4 40. Qf7 f3 41. Kc1 Qg4 42. Kb2 b4 43. cxb4 Qxd4+ 44. Kb3 Qd3+ 45. Ka4 Qa6+ 46. Kb3 Qf6 47. Qxd5 f2 48. Qd3+ Kg8 49. Qf1 Qf3+ 50. Ka4 Qe3 51. Qc4+ Kf8 52. Qc8+ Kf7 53. Qc7+ Kf6 54. Qd6+ Kg5 55. Qd5+ Kg4 56. Qg2+ Kxh5 57. b5 Qf4+ 58. Ka5 f1=Q 59. Qd5+ Qf5 0-1


[Site "https://www.chess.com"]

[Event "Titled Tuesday Blitz August 1 Early 2023"]
[White "Fiorito, Francisco"]
[Black "Butti, Enrique"]
[WhiteFideId "180165"]
[BlackFideId "3700470"]
[WhiteElo "2533"]
[BlackElo "2166"]
[Result "1-0"]
[Round "1"]
[TimeControl "180+1"]
[Date "2023.08.01"]
[WhiteClock "0:00:04"]
[BlackClock "0:00:13"]
[Board "234"]

1. e4 c5 2. Nf3 d6 3. g3 Bg4 4. Bg2 Nc6 5. O-O Qd7 6. c3 e5 7. d3 h5 8. Qd2 Be7 9. h4 f6 10. d4 cxd4 11. cxd4 Bxf3 12. Bxf3 Nxd4 13. Bg2 g5 14. hxg5 fxg5 15. Nc3 h4 16. Bh1 hxg3 17. fxg3 Nf6 18. Bg2 Ng4 19. Nd5 Bd8 20. Qd1 Nh2 21. Rf2 Qh7 22. Be3 Ne6 23. Qa4+ Qd7 24. Qb3 Ng4 25. Rf5 Nxe3 26. Qxe3 Nd4 27. Rf2 g4 28. Raf1 Qh7 29. Rc1 Qh2+ 30. Kf1 Kd7 31. Qd3 b5 32. Qc3 Ke6 33. Qe3 Ba5 34. b4 Bb6 35. Rf6+ Kd7 36. Rf7+ Ke8 37. Re7+ Kd8 38. Qg5 Qh1+ 39. Bxh1 Rxh1+ 40. Kg2 Rxc1 41. Rh7+ Kc8 42. Qxg4+ Kb8 43. Qg8+ 1-0


[Site "https://www.chess.com"]

[Event "Titled Tuesday Blitz August 1 Early 2023"]
[White "Mirzanurov, Bulat"]
[Black "Wartiovaara, Oliver"]
[WhiteFideId "4184521"]
[BlackFideId "513024"]
[WhiteElo "2164"]
[BlackElo "2533"]
[Result "0-1"]
[Round "1"]
[TimeControl "180+1"]
[Date "2023.08.01"]
[WhiteClock "0:00:14"]
[BlackClock "0:00:13"]
[Board "235"]

1. e4 d5 2. exd5 Qxd5 3. Nc3 Qd8 4. d4 Nf6 5. Nf3 g6 6. Bc4 Bg7 7. O-O O-O 8. Re1 a6 9. Bf4 b5 10. Bb3 Bb7 11. Ne5 e6 12. Qd2 Nbd7 13. Rad1 c5 14. Nxd7 Nxd7 15. dxc5 Nxc5 16. Bd6 Nxb3 17. axb3 Re8 18. Ne4 Qb6 19. Qf4 Qc6 20. f3 Rad8 21. Be5 Rxd1 22. Rxd1 Qb6+ 23. Kh1 Bxe5 24. Qxe5 Bxe4 25. Qxe4 Rd8 26. Rxd8+ Qxd8 27. h3 Qb6 28. h4 h5 29. b4 Qd6 30. c3 Kg7 31. f4 Qd1+ 32. Kh2 Qd6 33. Kg3 Kf6 34. Kh2 e5 35. g3 exf4 36. gxf4 Qd2+ 37. Kh3 Qd7+ 38. Kh2 Qf5 39. Qc6+ Qe6 40. Qc7 Qe2+ 41. Kh3 Qg4+ 42. Kh2 Qxh4+ 43. Kg2 Qg4+ 44. Kh2 Qe2+ 45. Kh3 Qe6+ 46. Kh2 g5 47. fxg5+ Kxg5 48. Qd8+ Kh6 49. Qh8+ Kg5 50. Qg8+ Qg6 51. Qd8+ Qf6 52. Qd2+ Qf4+ 0-1


[Site "https://www.chess.com"]

[Event "Titled Tuesday Blitz August 1 Early 2023"]
[White "Vyatkin, Dmitry"]
[Black "zano2023"]
[WhiteFideId "4171900"]
[WhiteElo "2532"]
[BlackElo "2152"]
[Result "1-0"]
[Round "1"]
[TimeControl "180+1"]
[Date "2023.08.01"]
[WhiteClock "0:01:24"]
[BlackClock "0:00:48"]
[Board "236"]

1. d4 d5 2. c4 e6 3. Nf3 Nf6 4. g3 dxc4 5. Bg2 a6 6. O-O Be7 7. Qc2 O-O 8. Qxc4 b5 9. Qc2 Bb7 10. Bd2 Nbd7 11. Ba5 Rc8 12. b4 Nb6 13. Nbd2 Nbd5 14. a3 Qd7 15. Ne5 Qd6 16. Rac1 Nd7 17. Ne4 Nxb4 18. Nxd6 Nxc2 19. Nxc8 Bxc8 20. Rxc2 Nxe5 21. dxe5 c5 22. Rd1 c4 23. Bb4 Bxb4 24. axb4 f6 25. exf6 gxf6 26. Rd6 f5 27. Rcd2 Kg7 28. Rd8 e5 29. Rxf8 Kxf8 1-0


[Site "https://www.chess.com"]

[Event "Titled Tuesday Blitz August 1 Early 2023"]
[White "cycygogne"]
[Black "Heinemann, Josefine"]
[BlackFideId "12900460"]
[WhiteElo "2151"]
[BlackElo "2532"]
[Result "0-1"]
[Round "1"]
[TimeControl "180+1"]
[Date "2023.08.01"]
[WhiteClock "0:00:02"]
[BlackClock "0:00:08"]
[Board "237"]

1. e4 c5 2. Nf3 d6 3. d4 cxd4 4. Nxd4 Nf6 5. Nc3 a6 6. Bg5 e6 7. Qf3 Be7 8. O-O-O Nbd7 9. Qg3 O-O 10. f4 Qc7 11. Nf3 b5 12. e5 dxe5 13. fxe5 Nh5 14. Qh4 Bxg5+ 15. Nxg5 h6 16. Qxh5 hxg5 17. Bd3 f5 18. exf6 Qf4+ 19. Kb1 Nxf6 20. Qg6 Qh4 21. Ne4 Bb7 22. Nxg5 Rae8 23. Rhe1 Bd5 24. g3 Qh6 25. h4 Qxg6 26. Bxg6 Re7 27. h5 Rd8 28. Kc1 a5 29. g4 a4 30. Rxd5 Rxd5 31. Nxe6 Rd6 32. Bf5 Nd7 33. g5 Nf8 34. h6 Nxe6 35. h7+ Kh8 36. g6 Re8 37. c3 Nc7 38. Rf1 Rf6 39. Kc2 Ref8 0-1


[Site "https://www.chess.com"]

[Event "Titled Tuesday Blitz August 1 Early 2023"]
[White "Ismagilov, Damir"]
[Black "Johnson, Ben"]
[WhiteFideId "34199982"]
[BlackFideId "2010917"]
[WhiteElo "2532"]
[BlackElo "2134"]
[Result "1-0"]
[Round "1"]
[TimeControl "180+1"]
[Date "2023.08.01"]
[WhiteClock "0:00:09"]
[BlackClock "0:00:02"]
[Board "238"]

1. d4 Nf6 2. c4 e6 3. Nc3 Bb4 4. e3 O-O 5. Bd2 d5 6. Nf3 b6 7. cxd5 exd5 8. Rc1 a6 9. Bd3 Bg4 10. Qb3 Bd6 11. Nxd5 Nbd7 12. h3 Bxf3 13. gxf3 Nxd5 14. Qxd5 Qh4 15. Kf1 Nf6 16. Qb3 Qh5 17. Be2 a5 18. f4 Qh4 19. Bf3 Rae8 20. Qc2 g6 21. Kg2 Nh5 22. Bxh5 Qxh5 23. b3 f5 24. Qc4+ Rf7 25. Rhe1 Kf8 26. Qe2 Qh4 27. Qf3 Rfe7 28. Qg3 Qh5 29. Qg5 Qxg5+ 30. fxg5 Re4 31. Rh1 Rh4 32. f4 Ke7 33. Be1 Rh5 34. h4 Kd7 35. Kf3 h6 36. Bg3 hxg5 37. hxg5 Reh8 38. Rxh5 Rxh5 39. Kg2 Rh8 40. Rh1 Re8 41. Kf3 Re7 42. Rh6 Rg7 43. e4 fxe4+ 44. Kxe4 Bf8 45. f5 Re7+ 46. Kf4 Bxh6 47. gxh6 Rh7 48. Kg5 gxf5 49. Kg6 Re7 50. h7 Re6+ 51. Kg7 Re7+ 52. Kg6 Re6+ 53. Kg5 Re8 54. Be5 Ke6 55. h8=Q Rxh8 56. Bxh8 c5 57. dxc5 bxc5 58. Kf4 a4 59. Bc3 axb3 60. axb3 Kd5 61. Kxf5 Kc6 62. Ke5 Kb5 63. Kd5 Kb6 64. Kc4 Kc6 65. Bd2 Kd6 66. Be3 Kc6 67. Bxc5 1-0


[Site "https://www.chess.com"]

[Event "Titled Tuesday Blitz August 1 Early 2023"]
[White "Vila Dupla, Aurelio"]
[Black "Thecourseoisildur"]
[WhiteFideId "2203383"]
[WhiteElo "2134"]
[BlackElo "2532"]
[Result "0-1"]
[Round "1"]
[TimeControl "180+1"]
[Date "2023.08.01"]
[WhiteClock "0:00:28"]
[BlackClock "0:01:19"]
[Board "239"]

1. Nf3 Nf6 2. d4 g6 3. g3 Bg7 4. Bg2 O-O 5. O-O d5 6. c4 dxc4 7. Na3 c3 8. bxc3 c5 9. Bb2 Nc6 10. Re1 Qb6 11. Rb1 Be6 12. Qa4 Bxa2 13. Nc4 Qa6 14. Qxa6 bxa6 15. Nce5 Bxb1 16. Nxc6 Be4 17. Nxe7+ Kh8 18. Ne5 Rae8 19. N7c6 Bxg2 20. Kxg2 Nd5 21. Nd7 cxd4 22. c4 Nc3 23. Nxf8 Rxf8 24. e3 d3 25. Nd4 d2 26. Bxc3 dxe1=Q 27. Bxe1 Rc8 0-1


[Site "https://www.chess.com"]

[Event "Titled Tuesday Blitz August 1 Early 2023"]
[White "Toropov, Pavel"]
[Black "Larina, Maria"]
[WhiteFideId "24129178"]
[BlackFideId "24113182"]
[WhiteElo "2530"]
[BlackElo "2122"]
[Result "1-0"]
[Round "1"]
[TimeControl "180+1"]
[Date "2023.08.01"]
[WhiteClock "0:01:01"]
[BlackClock "0:00:17"]
[Board "240"]

1. e4 c6 2. d4 d5 3. exd5 cxd5 4. Bd3 Nc6 5. c3 e5 6. dxe5 Nxe5 7. Nf3 Nxd3+ 8. Qxd3 Bd6 9. Qxd5 Ne7 10. Qh5 O-O 11. O-O Qc7 12. Be3 Bf5 13. Nbd2 Bg6 14. Qg4 Nd5 15. Qc4 Qxc4 16. Nxc4 Nxe3 17. Nxe3 b5 18. Rfd1 Rfd8 19. Nd4 b4 20. Nc6 Rd7 21. Nc4 bxc3 22. bxc3 Rc7 23. Rxd6 Be4 24. N4a5 Rac8 25. Re1 Bxc6 26. Rxc6 Kf8 27. Rxc7 Rxc7 28. Re3 f5 29. g3 Kf7 30. Nb3 Rb7 31. Nd4 g6 32. Kg2 Rb2 33. a3 Ra2 34. c4 Ra1 35. Rc3 Ke7 36. c5 Kd7 37. c6+ Kc8 38. Nb5 a6 39. Nd6+ Kc7 40. Ne8+ Kd8 41. c7+ Kxe8 42. c8=Q+ 1-0


[Site "https://www.chess.com"]

[Event "Titled Tuesday Blitz August 1 Early 2023"]
[White "Floresvillar Gonzalez, Luis Migu"]
[Black "SmirnovAlexandrA"]
[WhiteFideId "5100542"]
[WhiteElo "2117"]
[BlackElo "2529"]
[Result "0-1"]
[Round "1"]
[TimeControl "180+1"]
[Date "2023.08.01"]
[WhiteClock "0:00:47"]
[BlackClock "0:01:12"]
[Board "241"]

1. e4 c5 2. Nf3 d6 3. d4 cxd4 4. c3 d3 5. Bxd3 Nf6 6. O-O g6 7. Nbd2 Bg7 8. Nc4 Nc6 9. Bg5 O-O 10. Qd2 Be6 11. Bh6 Bxc4 12. Bxg7 Bxd3 13. Bxf8 Bxf1 14. Bh6 Bc4 15. b3 Be6 16. Re1 Ne5 17. Ng5 Rc8 18. Nxe6 fxe6 19. h3 Nf7 20. Bf4 e5 21. Bg3 Qb6 22. c4 Qd4 23. Qe2 Kg7 24. Kh2 Nh5 25. Bh4 Nf4 26. Qg4 Re8 27. f3 e6 28. Rg1 h5 29. Qg3 Qxg1+ 30. Kxg1 Ne2+ 31. Kf2 Nxg3 32. Bxg3 g5 33. h4 Kg6 34. hxg5 Nxg5 35. Ke3 a6 36. Bh4 b5 37. cxb5 axb5 38. a4 bxa4 39. bxa4 Ra8 40. Be1 Rxa4 41. Kf2 d5 42. exd5 exd5 43. Kg3 d4 44. Bd2 Ne6 45. f4 exf4+ 46. Kf3 Kf5 47. Ke2 Ra2 0-1


[Site "https://www.chess.com"]

[Event "Titled Tuesday Blitz August 1 Early 2023"]
[White "Ortega Amarelle, Mariano"]
[Black "Feliz Dotel, Dewar Bienvenido"]
[WhiteFideId "3504301"]
[BlackFideId "6402801"]
[WhiteElo "2529"]
[BlackElo "2112"]
[Result "0-1"]
[Round "1"]
[TimeControl "180+1"]
[Date "2023.08.01"]
[WhiteClock "0:00:05"]
[BlackClock "0:00:08"]
[Board "242"]

1. c4 e6 2. Nc3 d5 3. d4 c5 4. cxd5 exd5 5. Nf3 Nf6 6. Bg5 c4 7. e3 Nc6 8. Be2 Be7 9. O-O O-O 10. b3 Qa5 11. Bxf6 Bxf6 12. Rc1 cxb3 13. Qxb3 Ne7 14. h3 Rb8 15. Bd3 Be6 16. Na4 b6 17. Qb5 Qxb5 18. Bxb5 Bf5 19. Ba6 Bc8 20. Bxc8 Rfxc8 21. Nd2 Kf8 22. f4 Ke8 23. g4 h6 24. Kf2 g6 25. Ke2 Kd7 26. Kd3 Nc6 27. a3 Na5 28. Nc3 Ke6 29. f5+ gxf5 30. gxf5+ Kd6 31. Nb5+ Ke7 32. Nxa7 Rxc1 33. Rxc1 Rb7 34. Nc6+ Kd6 35. Nb4 Bg5 36. Nf3 Bf6 37. Rc8 Nc4 38. e4 dxe4+ 39. Kxe4 Kd7 40. Rf8 Ke7 41. Rc8 Nd6+ 42. Kd5 Nxc8 43. Nc6+ Kd7 44. Nfe5+ Bxe5 45. dxe5 Ne7+ 46. Nxe7 Kxe7 47. Kc6 Rb8 48. Kc7 Ra8 0-1


[Site "https://www.chess.com"]

[Event "Titled Tuesday Blitz August 1 Early 2023"]
[White "Levine, David"]
[Black "Perez, Maximiliano"]
[WhiteFideId "2011611"]
[BlackFideId "117234"]
[WhiteElo "2101"]
[BlackElo "2529"]
[Result "0-1"]
[Round "1"]
[TimeControl "180+1"]
[Date "2023.08.01"]
[WhiteClock "0:00:00"]
[BlackClock "0:00:12"]
[Board "243"]

1. d4 Nf6 2. c4 e6 3. g3 d5 4. Bg2 Bb4+ 5. Bd2 Be7 6. Nf3 O-O 7. O-O Nbd7 8. Qc2 c6 9. Bf4 Ne4 10. Nbd2 g5 11. Be3 Nd6 12. b3 f5 13. c5 Nf7 14. Nb1 Bf6 15. Nc3 b6 16. b4 Qc7 17. Rac1 b5 18. a4 a6 19. Ra1 Rb8 20. axb5 axb5 21. Qd2 h6 22. h4 g4 23. Bf4 e5 24. dxe5 Ndxe5 25. Nxe5 Nxe5 26. Bxh6 Nc4 27. Qc1 Re8 28. e3 Qf7 29. Bf4 Rb7 30. Ra8 Ra7 31. Rxa7 Qxa7 32. Ne2 Qa4 33. Qb1 Nd2 34. Qd3 Nxf1 35. Bxf1 Qxb4 36. Bd6 Qe4 37. Qa3 b4 38. Qa4 Bd7 39. Qa7 Qe6 40. Nf4 Qf7 41. Bd3 b3 42. Qb6 b2 43. Kg2 Bg7 44. h5 Kh7 45. Ng6 Kh6 46. Nf4 Ra8 47. Qb3 Qe8 48. Qc2 Ra1 49. Bxf5 b1=Q 50. Qxb1 Rxb1 51. Bxb1 Qf7 52. Bg6 Qg8 53. Bd3 d4 54. e4 Bf6 55. Ne2 Qe6 56. Nf4 Qe8 57. Ne2 Be5 0-1


[Site "https://www.chess.com"]

[Event "Titled Tuesday Blitz August 1 Early 2023"]
[White "NigelDwarf"]
[Black "Goughfather"]
[WhiteElo "2528"]
[BlackElo "2100"]
[Result "1-0"]
[Round "1"]
[TimeControl "180+1"]
[Date "2023.08.01"]
[WhiteClock "0:00:13"]
[BlackClock "0:00:00"]
[Board "244"]

1. Nf3 Nf6 2. c4 c6 3. Nc3 d5 4. e3 e6 5. b3 Nbd7 6. Bb2 Be7 7. Qc2 O-O 8. Rg1 b6 9. g4 Bb7 10. g5 Ne8 11. Bd3 g6 12. Ne2 c5 13. Rg3 Bd6 14. Rh3 e5 15. cxd5 Bxd5 16. Be4 Be6 17. Rh6 Rc8 18. h4 c4 19. h5 cxb3 20. Qd1 bxa2 21. d4 Bb4+ 22. Kf1 Bh3+ 23. Kg1 Qe7 24. hxg6 fxg6 25. Rxh3 exd4 26. Qxd4 Ng7 27. Nf4 Bc5 28. Qd5+ Qf7 29. Qxf7+ Rxf7 30. Bd5 Nf5 31. Bxf7+ Kxf7 32. Ne5+ Nxe5 33. Bxe5 Kg8 34. Rxa2 Bf8 35. Rxa7 Ne7 36. Ne6 Nc6 37. Nxf8 Nxa7 38. Nd7 Re8 39. Nf6+ Kf7 40. Nxe8 Kxe8 41. Rxh7 Nc6 42. Bf6 1-0


[Site "https://www.chess.com"]

[Event "Titled Tuesday Blitz August 1 Early 2023"]
[White "Winkels, Marcel"]
[Black "Malka, Samuel"]
[WhiteFideId "1003887"]
[BlackFideId "20643675"]
[WhiteElo "2099"]
[BlackElo "2526"]
[Result "0-1"]
[Round "1"]
[TimeControl "180+1"]
[Date "2023.08.01"]
[WhiteClock "0:00:00"]
[BlackClock "0:00:27"]
[Board "245"]

1. e4 c5 2. Nf3 Nc6 3. Bb5 d6 4. O-O Bd7 5. Re1 Nf6 6. Nc3 e5 7. d3 h6 8. a3 a6 9. Bc4 Be7 10. h3 g5 11. Nh2 h5 12. Bxg5 Rg8 13. h4 Ng4 14. Qf3 Rg7 15. Bxe7 Qxe7 16. Nd5 Nxh2 17. Nf6+ Kd8 18. Kxh2 Nd4 19. Qxh5 Qxf6 20. Qh8+ Be8 21. Rac1 Rxg2+ 22. Kxg2 Qxh8 0-1


[Site "https://www.chess.com"]